General information
- name: BNet
- type: Ladder team game (AT/RT)
- host: Battle.net
- saver: DirtMcGirt
map: Cherryville
- players: 8
- length: 45:32
- speed: Fast
- version: 1.23 W3XP
- replay type: Public
» download(359 KB)
Players
team 1 (loser)
194 (
blue | 42 APM | 1888 actions | 45:01)
2 Tauren Chieftain
1 Endurance Aura
1 Shockwave
2 Pandaren Brewmaster
1 Breath of Fire
1 Drunken Haze
» actions
| Assign group hotkey | 37 | |
| Basic commands | 16 | |
| Build / train | 58 | |
| Enter build submenu | 49 | |
| Enter hero's abilities submenu | 4 | |
| Give item / drop item | 4 | |
| Right click | 1077 | |
| Select / deselect | 408 | |
| Select group hotkey | 114 | |
| Use ability | 121 | |
1888 total
» units
| Peon | 18 | |
| Grunt | 4 | |
| Demolisher | 4 | |
| Wind Rider | 1 | |
| Troll Batrider | 8 | |
35 total
» upgrades
| Burning Oil | 1 | |
| Ranged Weapons | 2 | |
| Reinforced Defenses | 1 | |
| Liquid Fire | 1 | |
5 total
» buildings
| Altar of Storms | 2 | |
| Orc Burrow | 6 | |
| Barracks | 1 | |
| War Mill | 2 | |
| Voodoo Lounge | 1 | |
| Stronghold | 2 | |
| Watch Tower | 34 | |
| Beastiary | 3 | |
| Fortress | 1 | |
| Great Hall | 1 | |
53 total
» build order
00:06 Altar of Storms
00:26 Orc Burrow
00:41 Barracks
01:37 Orc Burrow
02:06 War Mill
02:21 Orc Burrow
02:39 Voodoo Lounge
04:13 Stronghold
04:49 Watch Tower
04:50 Watch Tower
04:51 Watch Tower
05:09 Watch Tower
05:18 Watch Tower
06:57 Beastiary
07:01 Beastiary
07:03 Beastiary
09:22 Fortress
09:34 Orc Burrow
09:35 Orc Burrow
10:20 Watch Tower
17:33 Watch Tower
17:34 Watch Tower
18:03 Watch Tower
18:07 Watch Tower
18:13 Watch Tower
18:18 Watch Tower
18:31 Watch Tower
18:38 Watch Tower
18:41 Watch Tower
18:46 Watch Tower
23:30 Watch Tower
23:32 Watch Tower
23:33 Watch Tower
23:34 Watch Tower
23:38 Watch Tower
23:44 Watch Tower
24:19 Watch Tower
24:21 Watch Tower
25:52 Watch Tower
25:54 Watch Tower
25:56 Watch Tower
25:58 Watch Tower
26:05 Watch Tower
27:27 Watch Tower
27:28 Watch Tower
27:29 Watch Tower
28:28 Watch Tower
28:28 Watch Tower
30:33 Great Hall
31:48 Orc Burrow
34:24 Altar of Storms
36:38 Stronghold
36:44 War Mill
» items
| Healing Salve | 2 | |
| Orb of Lightning | 1 | |
| Scroll of Town Portal | 2 | |
| Potion of Healing | 2 | |
| Scroll of Speed | 1 | |
| Tiny Great Hall | 1 | |
9 total
aE.GatoRade. (
teal | 56 APM | 2532 actions | 45:15)
5 Priestess of the Moon
3 Trueshot Aura
2 Searing Arrows
3 Beastmaster
2 Summon Hawk
1 Summon Quilbeast
1 Firelord
1 Summon Lava Spawn
» actions
| Assign group hotkey | 11 | |
| Basic commands | 8 | |
| Build / train | 92 | |
| ESC pressed | 6 | |
| Enter build submenu | 21 | |
| Enter hero's abilities submenu | 9 | |
| Give item / drop item | 2 | |
| Right click | 1750 | |
| Select / deselect | 538 | |
| Select group hotkey | 17 | |
| Use ability | 78 | |
2532 total
» units
| Wisp | 32 | |
| Huntress | 11 | |
| Hippogryph | 9 | |
| Goblin Shredder | 1 | |
| Chimaera | 8 | |
| Archer | 4 | |
| Druid of the Talon | 2 | |
67 total
» upgrades
| Strength of the Wild | 3 | |
| Corrosive Breath | 1 | |
| Reinforced Hides | 1 | |
5 total
» buildings
| Altar of Elders | 1 | |
| Moon Well | 9 | |
| Hunter's Hall | 1 | |
| Ancient of War | 2 | |
| Tree of Ages | 1 | |
| Tree of Life | 1 | |
| Ancient Protector | 1 | |
| Tree of Eternity | 1 | |
| Ancient of Wind | 2 | |
| Chimaera Roost | 3 | |
22 total
» build order
00:05 Altar of Elders
00:18 Moon Well
01:49 Hunter's Hall
01:52 Ancient of War
02:03 Ancient of War
02:16 Moon Well
05:13 Moon Well
07:23 Tree of Ages
08:06 Moon Well
09:57 Tree of Life
11:42 Ancient Protector
12:34 Tree of Eternity
12:36 Ancient of Wind
13:31 Ancient of Wind
14:14 Moon Well
14:16 Moon Well
15:42 Chimaera Roost
16:19 Chimaera Roost
17:08 Moon Well
17:47 Moon Well
17:48 Moon Well
18:24 Chimaera Roost
» items
| Scroll of Healing | 2 | |
| Scroll of Protection | 2 | |
| Scroll of Town Portal | 2 | |
6 total
aE.GatoRade.SUX (
red | 64 APM | 2871 actions | 45:06)
6 Death Knight
3 Death Coil
2 Unholy Aura
1 Animate Dead
5 Lich
3 Frost Nova
2 Frost Armor
» actions
| Assign group hotkey | 23 | |
| Basic commands | 30 | |
| Build / train | 70 | |
| ESC pressed | 19 | |
| Enter build submenu | 33 | |
| Enter hero's abilities submenu | 11 | |
| Give item / drop item | 6 | |
| Right click | 1580 | |
| Select / deselect | 320 | |
| Select group hotkey | 675 | |
| Use ability | 104 | |
2871 total
» units
| Acolyte | 6 | |
| Ghoul | 6 | |
| Crypt Fiend | 10 | |
| Frost Wyrm | 8 | |
30 total
» upgrades
| Cannibalize | 1 | |
| Creature Carapace | 3 | |
| Web | 1 | |
| Burrow | 1 | |
| Creature Attack | 3 | |
| Freezing Breath | 1 | |
10 total
» buildings
| Graveyard | 1 | |
| Crypt | 1 | |
| Altar of Darkness | 1 | |
| Ziggurat | 18 | |
| Tomb of Relics | 1 | |
| Nerubian Tower | 5 | |
| Halls of the Dead | 3 | |
| Sacrificial Pit | 1 | |
| Black Citadel | 1 | |
| Boneyard | 2 | |
| Spirit Tower | 5 | |
| Necropolis | 2 | |
41 total
» build order
00:22 Graveyard
00:24 Crypt
00:34 Altar of Darkness
00:52 Ziggurat
01:20 Tomb of Relics
01:55 Ziggurat
02:25 Nerubian Tower
02:25 Nerubian Tower
03:57 Ziggurat
05:19 Halls of the Dead
06:25 Ziggurat
06:26 Ziggurat
08:05 Sacrificial Pit
08:23 Black Citadel
11:48 Boneyard
11:49 Boneyard
12:39 Ziggurat
13:19 Ziggurat
16:16 Ziggurat
18:32 Spirit Tower
19:18 Necropolis
22:16 Halls of the Dead
25:35 Necropolis
27:22 Ziggurat
27:23 Ziggurat
27:23 Ziggurat
27:26 Ziggurat
27:27 Ziggurat
27:30 Ziggurat
27:30 Ziggurat
27:52 Ziggurat
28:03 Ziggurat
28:03 Ziggurat
28:32 Spirit Tower
28:49 Spirit Tower
28:54 Nerubian Tower
28:54 Nerubian Tower
29:36 Spirit Tower
30:28 Spirit Tower
33:01 Halls of the Dead
» items
| Rod of Necromancy | 1 | |
| Scroll of Town Portal | 1 | |
2 total
SMERB.COM.COM (
pink | 46 APM | 2072 actions | 45:28)
3 Death Knight
2 Death Coil
1 Unholy Aura
2 Lich
1 Frost Nova
1 Frost Armor
3 Dark Ranger
2 Silence
1 Black Arrow
» actions
| Assign group hotkey | 21 | |
| Basic commands | 188 | |
| Build / train | 61 | |
| ESC pressed | 3 | |
| Enter build submenu | 18 | |
| Enter hero's abilities submenu | 9 | |
| Give item / drop item | 4 | |
| Remove unit from queue | 1 | |
| Right click | 981 | |
| Select / deselect | 288 | |
| Select group hotkey | 415 | |
| Use ability | 83 | |
2072 total
» units
| Acolyte | 3 | |
| Ghoul | 4 | |
| Crypt Fiend | 6 | |
| Frost Wyrm | 9 | |
22 total
» upgrades
| Creature Attack | 2 | |
| Freezing Breath | 1 | |
| Creature Carapace | 1 | |
4 total
» buildings
| Graveyard | 1 | |
| Crypt | 1 | |
| Altar of Darkness | 1 | |
| Ziggurat | 6 | |
| Tomb of Relics | 1 | |
| Nerubian Tower | 3 | |
| Halls of the Dead | 5 | |
| Black Citadel | 3 | |
| Sacrificial Pit | 1 | |
| Boneyard | 3 | |
| Temple of the Damned | 1 | |
| Slaughterhouse | 1 | |
| Necropolis | 1 | |
28 total
» build order
00:13 Graveyard
00:30 Crypt
00:50 Altar of Darkness
01:13 Ziggurat
01:39 Tomb of Relics
02:15 Ziggurat
02:19 Nerubian Tower
02:19 Nerubian Tower
04:23 Halls of the Dead
04:23 Halls of the Dead
04:31 Ziggurat
05:19 Ziggurat
05:20 Ziggurat
08:07 Black Citadel
08:07 Black Citadel
08:26 Sacrificial Pit
11:05 Boneyard
11:06 Boneyard
11:07 Boneyard
14:04 Temple of the Damned
14:06 Slaughterhouse
16:02 Necropolis
17:06 Ziggurat
18:54 Halls of the Dead
18:55 Halls of the Dead
18:55 Halls of the Dead
» items
| Rod of Necromancy | 1 | |
| Potion of Lesser Invulnerability | 1 | |
| Boots of Speed | 1 | |
| Scroll of Protection | 1 | |
| Scroll of Healing | 1 | |
| Scroll of Town Portal | 3 | |
8 total
team 2 (winner)
blueflagon (
green | 62 APM | 2826 actions | 45:29)
10 Blademaster
3 Wind Walk
3 Critical Strike
1 Bladestorm
3 Mirror Image
» actions
| Assign group hotkey | 28 | |
| Basic commands | 2 | |
| Build / train | 79 | |
| ESC pressed | 2 | |
| Enter build submenu | 78 | |
| Enter hero's abilities submenu | 10 | |
| Give item / drop item | 18 | |
| Right click | 1565 | |
| Select / deselect | 369 | |
| Select group hotkey | 242 | |
| Use ability | 432 | |
2826 total
» units
| Peon | 17 | |
| Troll Batrider | 20 | |
| Goblin Shredder | 1 | |
38 total
» upgrades
| Spiked Barricades | 2 | |
| Liquid Fire | 1 | |
| Ranged Weapons | 1 | |
| Reinforced Defenses | 1 | |
5 total
» buildings
| Altar of Storms | 1 | |
| Orc Burrow | 4 | |
| War Mill | 2 | |
| Voodoo Lounge | 3 | |
| Watch Tower | 95 | |
| Stronghold | 1 | |
| Great Hall | 2 | |
| Beastiary | 2 | |
| Fortress | 2 | |
112 total
» build order
00:11 Altar of Storms
00:35 Orc Burrow
01:06 War Mill
02:04 Voodoo Lounge
02:19 Watch Tower
02:22 Watch Tower
03:05 Stronghold
03:40 Watch Tower
03:42 Watch Tower
05:24 Watch Tower
05:25 Watch Tower
05:26 Watch Tower
05:33 Watch Tower
05:34 Watch Tower
05:45 Watch Tower
05:47 Watch Tower
06:59 Watch Tower
07:00 Watch Tower
07:01 Watch Tower
07:23 Orc Burrow
07:24 Orc Burrow
10:00 Great Hall
10:08 Beastiary
10:11 Beastiary
10:15 Watch Tower
10:15 Watch Tower
10:21 Watch Tower
10:22 Watch Tower
12:16 Orc Burrow
12:58 Fortress
13:45 Watch Tower
13:46 Watch Tower
17:23 Voodoo Lounge
18:52 Watch Tower
18:53 Watch Tower
18:54 Watch Tower
18:58 Watch Tower
18:59 Watch Tower
19:02 Watch Tower
19:03 Watch Tower
19:04 Watch Tower
19:07 Watch Tower
19:07 Watch Tower
19:11 Watch Tower
20:43 Voodoo Lounge
22:30 Watch Tower
22:31 Watch Tower
22:33 Watch Tower
22:33 Watch Tower
22:34 Watch Tower
22:37 Watch Tower
22:37 Watch Tower
22:39 Watch Tower
22:40 Watch Tower
22:40 Watch Tower
22:42 Watch Tower
23:34 War Mill
25:18 Watch Tower
25:19 Watch Tower
25:20 Watch Tower
26:06 Watch Tower
26:07 Watch Tower
26:08 Watch Tower
26:10 Watch Tower
27:20 Watch Tower
27:20 Watch Tower
27:21 Watch Tower
27:24 Watch Tower
27:24 Watch Tower
31:01 Watch Tower
31:02 Watch Tower
31:03 Watch Tower
31:04 Watch Tower
31:05 Watch Tower
31:06 Watch Tower
31:07 Watch Tower
31:08 Watch Tower
31:08 Watch Tower
31:09 Watch Tower
31:10 Watch Tower
31:12 Watch Tower
31:14 Watch Tower
31:14 Watch Tower
31:15 Watch Tower
34:53 Watch Tower
34:54 Watch Tower
34:54 Watch Tower
34:55 Watch Tower
34:56 Watch Tower
34:57 Watch Tower
34:58 Watch Tower
34:59 Watch Tower
34:59 Watch Tower
35:00 Watch Tower
35:01 Watch Tower
35:01 Watch Tower
37:20 Watch Tower
37:21 Watch Tower
37:27 Watch Tower
37:28 Watch Tower
37:29 Watch Tower
40:47 Watch Tower
40:48 Watch Tower
40:49 Watch Tower
40:50 Watch Tower
40:50 Watch Tower
43:47 Great Hall
43:48 Watch Tower
43:49 Watch Tower
43:49 Watch Tower
43:49 Watch Tower
» items
| Healing Salve | 3 | |
| Lesser Clarity Potion | 5 | |
| Scroll of Speed | 1 | |
| Boots of Speed | 1 | |
| Potion of Mana | 3 | |
| Orb of Lightning | 2 | |
| Tiny Great Hall | 1 | |
| Orb of Fire | 2 | |
| Scroll of Regeneration | 1 | |
| Potion of Healing | 3 | |
22 total
Chopstix (
yellow | 54 APM | 2439 actions | 45:29)
8 Goblin Alchemist
3 Acid Bomb
3 Chemical Rage
1 Transmute
1 Healing Spray
» actions
| Assign group hotkey | 17 | |
| Basic commands | 129 | |
| Build / train | 125 | |
| ESC pressed | 1 | |
| Enter build submenu | 59 | |
| Enter hero's abilities submenu | 8 | |
| Remove unit from queue | 2 | |
| Right click | 891 | |
| Select / deselect | 390 | |
| Select group hotkey | 550 | |
| Use ability | 267 | |
2439 total
» units
| Peasant | 17 | |
| Mortar Team | 13 | |
| Sorceress | 2 | |
| Priest | 1 | |
| Flying Machine | 8 | |
41 total
» upgrades
| Lumber Harvesting | 1 | |
| Masonry | 3 | |
| Gunpowder | 3 | |
| Sorceress Training | 2 | |
| Magic Sentry | 1 | |
| Flare | 1 | |
| Armor | 1 | |
| Fragmentation Shards | 1 | |
| Flak Cannons | 1 | |
| Flying Machine Bombs | 1 | |
15 total
» buildings
| Altar of Kings | 1 | |
| Farm | 9 | |
| Lumber Mill | 1 | |
| Scout Tower | 44 | |
| Arcane Tower | 3 | |
| Guard Tower | 28 | |
| Keep | 1 | |
| Arcane Vault | 1 | |
| Blacksmith | 1 | |
| Workshop | 4 | |
| Arcane Sanctum | 1 | |
| Cannon Tower | 1 | |
| Castle | 1 | |
| Town Hall | 1 | |
97 total
» build order
00:07 Altar of Kings
00:09 Farm
00:14 Lumber Mill
00:51 Scout Tower
01:19 Farm
01:29 Arcane Tower
01:32 Scout Tower
01:52 Scout Tower
02:01 Scout Tower
02:04 Guard Tower
02:13 Scout Tower
02:27 Arcane Tower
02:28 Scout Tower
02:32 Guard Tower
02:34 Scout Tower
02:56 Guard Tower
02:57 Scout Tower
03:06 Guard Tower
03:28 Keep
03:30 Guard Tower
03:31 Scout Tower
03:43 Scout Tower
03:45 Scout Tower
03:46 Guard Tower
03:49 Scout Tower
04:27 Guard Tower
04:30 Arcane Vault
04:34 Scout Tower
04:36 Guard Tower
04:40 Scout Tower
04:43 Scout Tower
04:45 Scout Tower
04:58 Blacksmith
05:05 Guard Tower
05:23 Scout Tower
05:27 Guard Tower
06:00 Scout Tower
06:01 Guard Tower
06:03 Scout Tower
06:45 Guard Tower
06:50 Scout Tower
07:04 Guard Tower
07:15 Guard Tower
07:23 Guard Tower
07:26 Scout Tower
07:37 Scout Tower
07:41 Scout Tower
07:43 Scout Tower
07:45 Scout Tower
07:47 Scout Tower
08:02 Guard Tower
08:10 Guard Tower
08:54 Guard Tower
08:54 Guard Tower
08:54 Guard Tower
09:11 Workshop
09:19 Arcane Sanctum
09:30 Workshop
09:45 Farm
09:49 Farm
09:52 Arcane Tower
09:59 Farm
10:04 Farm
10:48 Farm
10:56 Cannon Tower
12:08 Castle
19:37 Scout Tower
19:38 Scout Tower
19:40 Scout Tower
19:43 Scout Tower
20:10 Guard Tower
20:13 Guard Tower
20:14 Scout Tower
20:15 Scout Tower
20:18 Scout Tower
20:19 Scout Tower
20:21 Guard Tower
21:01 Town Hall
21:02 Scout Tower
21:04 Scout Tower
21:05 Scout Tower
21:07 Guard Tower
21:31 Scout Tower
21:32 Scout Tower
21:32 Scout Tower
21:34 Scout Tower
21:34 Scout Tower
21:36 Scout Tower
21:37 Scout Tower
21:38 Guard Tower
22:07 Guard Tower
22:50 Guard Tower
33:01 Farm
33:03 Farm
33:05 Workshop
37:54 Workshop
» items
| Ivory Tower | 16 | |
| Scroll of Regeneration | 3 | |
| Scroll of Town Portal | 5 | |
24 total
DirtMcGirt (
orange | 93 APM | 4234 actions | 45:32)
9 Goblin Tinker
3 Pocket Factory
3 Engineering Upgrade
1 Robo-Goblin
2 Cluster Rockets
» actions
| Assign group hotkey | 30 | |
| Build / train | 82 | |
| Enter build submenu | 22 | |
| Enter hero's abilities submenu | 9 | |
| Give item / drop item | 6 | |
| Remove unit from queue | 3 | |
| Right click | 2176 | |
| Select / deselect | 913 | |
| Select group hotkey | 914 | |
| Use ability | 79 | |
4234 total
» units
| Wisp | 31 | |
| Chimaera | 2 | |
| Kobold Geomancer | 1 | |
| Assassin | 1 | |
| Murloc Huntsman | 1 | |
| Kobold | 2 | |
| Goblin Zeppelin | 1 | |
| Dryad | 11 | |
50 total
» upgrades
| Strength of the Wild | 3 | |
| Well Spring | 1 | |
| Reinforced Hides | 3 | |
7 total
» buildings
| Altar of Elders | 1 | |
| Moon Well | 7 | |
| Tree of Ages | 1 | |
| Ancient of Wonders | 1 | |
| Hunter's Hall | 1 | |
| Ancient of Wind | 1 | |
| Tree of Eternity | 1 | |
| Chimaera Roost | 1 | |
| Ancient of Lore | 3 | |
| Tree of Life | 3 | |
| Ancient Protector | 1 | |
21 total
» build order
00:10 Altar of Elders
00:16 Moon Well
01:58 Moon Well
04:24 Tree of Ages
05:51 Ancient of Wonders
07:28 Hunter's Hall
07:41 Ancient of Wind
07:50 Tree of Eternity
11:30 Chimaera Roost
11:50 Moon Well
11:58 Moon Well
12:03 Moon Well
12:44 Moon Well
16:08 Moon Well
16:19 Ancient of Lore
16:28 Ancient of Lore
16:30 Ancient of Lore
28:09 Tree of Life
31:46 Tree of Life
40:33 Ancient Protector
41:54 Tree of Life
» items
| Boots of Speed | 1 | |
| Staff of Teleportation | 1 | |
| Potion of Mana | 1 | |
| Staff of Preservation | 1 | |
| Scroll of Town Portal | 3 | |
| Orb of Venom | 1 | |
8 total
sylink (
purple | 69 APM | 3148 actions | 45:29)
6 Archmage
2 Blizzard
3 Brilliance Aura
1 Mass Teleport
» actions
| Assign group hotkey | 15 | |
| Basic commands | 185 | |
| Build / train | 112 | |
| ESC pressed | 6 | |
| Enter build submenu | 91 | |
| Enter hero's abilities submenu | 6 | |
| Right click | 1058 | |
| Select / deselect | 480 | |
| Select group hotkey | 991 | |
| Use ability | 204 | |
3148 total
» units
» upgrades
| Masonry | 3 | |
| Gunpowder | 1 | |
| Storm Hammers | 1 | |
| Swords | 3 | |
| Armor | 3 | |
| Lumber Harvesting | 1 | |
| Animal War Training | 1 | |
| Cloud | 1 | |
14 total
» buildings
| Altar of Kings | 1 | |
| Farm | 7 | |
| Lumber Mill | 1 | |
| Scout Tower | 91 | |
| Arcane Tower | 6 | |
| Guard Tower | 39 | |
| Keep | 5 | |
| Blacksmith | 1 | |
| Gryphon Aviary | 3 | |
| Castle | 5 | |
| Town Hall | 6 | |
| Arcane Vault | 1 | |
| Barracks | 1 | |
167 total
» build order
00:02 Altar of Kings
00:03 Farm
00:30 Lumber Mill
00:41 Scout Tower
01:17 Arcane Tower
01:39 Scout Tower
01:49 Farm
02:10 Scout Tower
02:33 Guard Tower
02:40 Scout Tower
02:45 Scout Tower
02:56 Guard Tower
03:09 Guard Tower
03:25 Scout Tower
03:26 Scout Tower
04:24 Keep
04:29 Guard Tower
05:00 Farm
05:03 Blacksmith
05:41 Scout Tower
05:42 Scout Tower
05:44 Scout Tower
06:13 Guard Tower
06:14 Farm
06:40 Guard Tower
07:19 Gryphon Aviary
07:22 Gryphon Aviary
07:24 Castle
08:37 Gryphon Aviary
08:41 Scout Tower
08:42 Scout Tower
08:44 Scout Tower
08:45 Scout Tower
09:05 Farm
09:05 Farm
09:11 Guard Tower
09:38 Scout Tower
09:40 Guard Tower
09:41 Scout Tower
09:53 Scout Tower
09:58 Scout Tower
10:07 Arcane Tower
10:09 Arcane Tower
10:10 Scout Tower
10:11 Scout Tower
10:36 Guard Tower
10:38 Scout Tower
10:40 Scout Tower
10:41 Guard Tower
11:41 Scout Tower
11:46 Guard Tower
11:49 Scout Tower
11:53 Scout Tower
11:55 Arcane Tower
12:00 Farm
12:17 Scout Tower
12:19 Guard Tower
12:28 Scout Tower
12:29 Scout Tower
12:31 Scout Tower
12:34 Scout Tower
13:00 Guard Tower
13:05 Guard Tower
13:07 Scout Tower
13:08 Scout Tower
13:11 Scout Tower
13:38 Guard Tower
13:44 Scout Tower
13:50 Scout Tower
13:52 Scout Tower
14:36 Guard Tower
14:55 Scout Tower
15:31 Guard Tower
15:51 Town Hall
17:12 Scout Tower
17:24 Arcane Vault
17:31 Scout Tower
18:12 Guard Tower
18:51 Barracks
20:57 Scout Tower
20:58 Scout Tower
20:58 Scout Tower
20:59 Scout Tower
21:16 Scout Tower
22:03 Guard Tower
22:04 Scout Tower
22:04 Scout Tower
22:50 Guard Tower
23:52 Guard Tower
24:44 Scout Tower
24:46 Scout Tower
24:51 Scout Tower
25:13 Guard Tower
25:15 Scout Tower
25:22 Scout Tower
25:22 Scout Tower
25:24 Guard Tower
25:27 Scout Tower
25:28 Scout Tower
25:35 Scout Tower
25:37 Scout Tower
25:44 Scout Tower
25:46 Guard Tower
26:06 Guard Tower
26:19 Guard Tower
26:30 Arcane Tower
26:31 Scout Tower
26:32 Scout Tower
26:44 Scout Tower
26:44 Scout Tower
27:01 Scout Tower
27:02 Scout Tower
27:10 Town Hall
27:19 Guard Tower
27:34 Arcane Tower
28:16 Scout Tower
28:16 Scout Tower
28:54 Guard Tower
29:42 Guard Tower
33:03 Scout Tower
33:05 Scout Tower
33:06 Scout Tower
33:07 Scout Tower
33:33 Scout Tower
33:34 Guard Tower
33:36 Scout Tower
33:37 Scout Tower
33:37 Scout Tower
33:40 Scout Tower
33:40 Scout Tower
34:19 Guard Tower
34:32 Guard Tower
34:36 Town Hall
34:39 Guard Tower
35:24 Scout Tower
35:24 Scout Tower
35:54 Town Hall
35:58 Town Hall
36:00 Scout Tower
36:00 Scout Tower
36:03 Scout Tower
36:03 Scout Tower
36:04 Scout Tower
36:27 Guard Tower
36:28 Scout Tower
36:29 Scout Tower
36:29 Scout Tower
36:30 Scout Tower
36:56 Guard Tower
37:02 Guard Tower
37:08 Town Hall
38:15 Guard Tower
38:17 Scout Tower
38:17 Scout Tower
39:19 Guard Tower
39:21 Scout Tower
39:52 Guard Tower
41:59 Keep
42:03 Keep
42:05 Keep
42:08 Keep
44:37 Castle
44:39 Castle
44:42 Castle
44:45 Castle
» items
| Healing Salve | 1 | |
| Lesser Clarity Potion | 1 | |
| Scroll of Regeneration | 3 | |
| Scroll of Town Portal | 2 | |
| Ivory Tower | 4 | |
| Boots of Speed | 1 | |
12 total
Chat log
(00:05 / All) SMERB.COM.COM: I
(00:07 / All) SMERB.COM.COM: LOVE
(00:09 / All) SMERB.COM.COM: APPLIANCES
(00:15 / All) sylink: are you sponsored by a&e the broadcast network
(00:15 / Allies) blueflagon: wanna try for
(00:19 / All) 194: he loves them a lot
(00:20 / Allies) Chopstix: ill tower you
(00:23 / Allies) sylink: god no
(00:24 / Allies) DirtMcGirt: who tower me
(00:25 / All) aE.GatoRade.: with wut u just said
(00:27 / Allies) Chopstix: me
(00:34 / All) sylink: im sponsored by linksys
(00:37 / All) sylink: and slinky/hasbro
(00:39 / All) SMERB.COM.COM: actually to be honest
(00:44 / All) SMERB.COM.COM: im still sponsored by razer
(00:47 / All) SMERB.COM.COM: >.>
(00:51 / All) aE.GatoRade.: yea and im black
(00:57 / All) blueflagon: im blue
(00:57 / All) SMERB.COM.COM: keyboard mouse and headset
(00:58 / All) blueflagon: flagon
(01:02 / Allies) DirtMcGirt: chop tower me
(01:03 / All) SMERB.COM.COM: im using right now
(01:04 / Allies) DirtMcGirt: pls
(01:05 / Allies) DirtMcGirt: i feed u
(01:07 / All) sylink: headsets are for noobs
(01:08 / All) 194: im sponsered by teenage boys who want cheap sex
(01:10 / All) SMERB.COM.COM: all gifts from my sponsor
(01:14 / All) sylink: i have a nydus canal on my desk
(01:21 / All) sylink: i just walk in when i need to chat
(01:22 / Allies) blueflagon: lmao
(01:24 / Allies) blueflagon: check 194's record
(01:33 / Allies) sylink: pretty cool
(01:38 / Allies) blueflagon: i wanna hithis base
(01:41 / Allies) sylink: 1-15 solo
(01:46 / Allies) blueflagon: 0-10 ffa
(01:48 / Allies) DirtMcGirt: damn
(01:56 / Allies) sylink: ffa is ultimate troll
(02:00 / Allies) sylink: you can mak ethat shit last for days
(02:13 / Allies) blueflagon: whoever creeps mid in market garden usually wins
(02:23 / Allies) sylink: i just tower eveyrthing to be a douche
(02:30 / Allies) sylink: and try to interrupt fights
(02:39 / Allies) blueflagon: rushing us
(02:40 / Allies) blueflagon: ehe
(02:42 / All) aE.GatoRade.: DID
(02:43 / All) aE.GatoRade.: I JUST
(02:44 / All) aE.GatoRade.: FUCKING
(02:45 / All) aE.GatoRade.: SEE A ALCHY?
(03:03 / Allies) sylink: he got aura
(03:04 / Allies) Chopstix: unlike you my jokes are original
(03:18 / Allies) sylink: get his mine
(03:18 / Allies) sylink: imo
(03:31 / Allies) blueflagon: mine
(03:31 / Allies) blueflagon: like
(03:33 / Allies) blueflagon: gold mine
(03:35 / Allies) sylink: yes
(03:38 / Allies) sylink: no
(03:39 / Allies) sylink: the coal mine
(03:49 / Allies) sylink: blizzing
(03:52 / Allies) sylink: lol
(03:54 / Allies) blueflagon: yeehaw
(03:55 / Allies) blueflagon: suckas
(03:56 / Allies) sylink: raped
(03:58 / Allies) Chopstix: get it
(03:59 / Allies) Chopstix: get it
(04:08 / Allies) sylink: got it
(04:12 / Allies) sylink: lolol
(04:20 / Allies) sylink: i like when we succeed at that
(04:29 / Allies) DirtMcGirt: chop
(04:33 / All) sylink: there is a strike down at the mine
(04:42 / Allies) sylink: where is your hero dirt
(04:48 / Allies) DirtMcGirt: oops
(04:48 / Allies) sylink: tinker
(04:49 / Allies) sylink: really
(04:50 / Allies) DirtMcGirt: forgot to get one
(04:52 / Allies) Chopstix: that was glorious
(04:52 / Allies) blueflagon: lamo
(05:00 / Allies) DirtMcGirt: rockets will own ok
(05:01 / Allies) blueflagon: we got like
(05:03 / Allies) blueflagon: 9 wisps
(05:04 / Allies) blueflagon: or more
(05:07 / Allies) DirtMcGirt: tinker rapes buildings late sa shit
(05:08 / Allies) sylink: you relaly are hi
(05:13 / Allies) Chopstix: we got the one in the mine and like 3 wood
(05:19 / Allies) DirtMcGirt: waot
(05:20 / Allies) DirtMcGirt: ugh
(05:26 / Allies) DirtMcGirt: gotta wait for two lil rorbot
(05:38 / Allies) sylink: i think they are rushing
(05:53 / Allies) sylink: too much gold not enough towers chop
(05:55 / Allies) DirtMcGirt: chop dont forget me
(05:55 / Allies) sylink: your base gone now
(06:00 / Allies) sylink: repair
(06:07 / Allies) sylink: seriously not enough towers
(06:09 / Allies) blueflagon: sproing
(06:19 / Allies) sylink: focus heroes
(06:36 / Allies) sylink: godo they dont know they can beat this
(06:38 / Allies) Chopstix: one dk down
(06:47 / Allies) blueflagon: god
(06:48 / Allies) sylink: or siege
(06:50 / Allies) blueflagon: he bashed me
(06:51 / Allies) blueflagon: 7 times
(07:01 / Allies) sylink: chop you getting mort
(07:04 / Allies) DirtMcGirt: lol
(07:11 / Allies) blueflagon: im going for my expo with towers
(07:12 / Allies) blueflagon: so
(07:13 / Allies) Chopstix: ill go siege
(07:13 / Allies) blueflagon: no bats yet
(07:44 / Allies) sylink: panda
(07:53 / Allies) blueflagon: pandas are bad for towers
(07:54 / Allies) blueflagon: -_-
(08:12 / Allies) sylink: just get arcanes in front
(08:14 / Allies) blueflagon: shockwave too
(08:38 / Allies) DirtMcGirt: upgtade dog
(08:52 / Allies) sylink: are you going
(08:54 / Allies) sylink: to build workshops
(08:55 / Allies) sylink: or what
(09:07 / Allies) Chopstix: cant
(09:07 / Allies) Chopstix: busy
(09:26 / Allies) sylink: ud party army
(09:46 / Allies) sylink: theyc reepin ou rhsit
(10:17 / Allies) sylink: demos
(10:46 / Allies) sylink: lol
(10:46 / Allies) blueflagon: look sylink
(10:56 / Allies) sylink: need wood
(11:01 / Allies) Chopstix: building workshop
(11:02 / Allies) sylink: look at what
(11:02 / Allies) Chopstix: sylink go air
(11:06 / All) DirtMcGirt: FUCK THAT
(11:06 / Allies) sylink: i am gettin ggryph
(11:14 / All) Chopstix: owned
(11:18 / Allies) sylink: woo dme
(11:19 / Allies) sylink: dirt
(11:31 / Allies) sylink: ahjaha
(11:35 / Allies) DirtMcGirt: let me get alil lumb back
(11:39 / Allies) sylink: no
(11:57 / Allies) blueflagon: tped lol
(12:04 / Allies) sylink: its hammer time
(12:47 / Allies) blueflagon: tri hero
(12:49 / Allies) blueflagon: weee
(13:06 / Allies) Chopstix: 2 ud top
(13:07 / Allies) blueflagon: 2 unts down
(13:08 / Allies) Chopstix: get them first
(13:33 / Allies) blueflagon: wonder if u got that hunt
(13:36 / Allies) sylink: didnt
(13:47 / Allies) sylink: expand negros
(13:50 / Allies) blueflagon: send me some lumb dirt
(14:07 / Allies) sylink: im taking thier expos
(14:15 / Allies) sylink: can you flare
(14:26 / Allies) blueflagon: burnin oil
(14:27 / Allies) Chopstix: someone kill shade
(14:50 / Allies) blueflagon: whered he put dmeo
(15:10 / Allies) sylink: anyone
(15:11 / Allies) blueflagon: ill go make life difficult fo rhim
(15:16 / Allies) sylink: go pick of fdemos
(15:23 / Allies) sylink: also i need more wood
(15:34 / Allies) DirtMcGirt: build atownhall
(15:36 / Allies) sylink: wood me dirt
(15:56 / Allies) sylink: teal has hyppo now
(16:10 / Allies) Chopstix: mass wyrm
(16:15 / Allies) sylink: both
(16:16 / Allies) sylink: ?
(16:18 / Allies) Chopstix: yes
(16:21 / Allies) DirtMcGirt: gettin dryad
(16:31 / Allies) DirtMcGirt: gyro
(16:54 / Allies) blueflagon: blue is v bad
(17:00 / Allies) sylink: good
(17:06 / Allies) sylink: can we get orc shop here
(17:09 / Allies) sylink: and do they have exps
(17:36 / Allies) sylink: do you have orb
(17:37 / Allies) sylink: flagon
(17:40 / Allies) blueflagon: yes
(17:43 / Allies) blueflagon: i killed 3 demo
(17:45 / Allies) sylink: go heal then lets hit teal
(17:50 / Allies) sylink: ill use gryphs we tak eout hyppo
(18:27 / Allies) sylink: chime hyppo
(18:34 / Allies) DirtMcGirt: im getting yad
(18:42 / Allies) sylink: bring bats here
(18:44 / Allies) sylink: we take out teal shit
(19:08 / Allies) sylink: just take out hyppo
(19:17 / Allies) sylink: go go
(19:49 / All) Chopstix: last common denominator
(19:52 / Allies) DirtMcGirt: i lost 3 chim and a dryad :(
(19:53 / All) sylink: hey man
(19:54 / All) DirtMcGirt: U SUCK
(20:06 / Allies) sylink: runs hunt into tower
(20:21 / Allies) DirtMcGirt: lets tower more
(20:31 / Allies) blueflagon: 100 lumber wow thx
(20:34 / Allies) sylink: bats he has
(20:42 / Allies) sylink: blue is bats now
(21:07 / Allies) blueflagon: make more wisps
(21:14 / Allies) blueflagon: i wanna toweer too
(21:25 / Allies) sylink: rofl
(21:31 / Allies) sylink: party
(21:50 / Allies) sylink: lolol
(21:54 / Allies) sylink: im going to harass top
(21:58 / Allies) sylink: tower that expo imo
(21:59 / Allies) Chopstix: lumb sir
(22:08 / Allies) sylink: omw
(22:45 / Allies) blueflagon: send some lumb ar
(22:47 / Allies) sylink: someone take
(23:20 / Allies) sylink: finish ahll so we can tp
(23:46 / Allies) Chopstix: :(
(23:51 / All) blueflagon: there goes ur dk
(23:52 / All) blueflagon: :)))
(24:01 / Allies) blueflagon: claws 9
(24:04 / Allies) blueflagon: why could i get that
(24:05 / Allies) sylink: bats in this base
(24:14 / Allies) Chopstix: who should i hit
(24:20 / Allies) sylink: everyone
(24:36 / Allies) sylink: dryad good choice
(25:05 / All) Chopstix: so i have a question
(25:17 / Allies) DirtMcGirt: waht
(25:31 / All) Chopstix: so why make fun of me for picking alchemist but not dirt for tinker
(25:39 / Allies) DirtMcGirt: cause im lvl 6 pwin
(25:40 / All) SMERB.COM.COM: dort
(25:45 / All) SMERB.COM.COM: if you love clan towa
(25:46 / All) 194: we like dirt
(25:48 / All) SMERB.COM.COM: you leave now
(25:48 / All) 194: we hate you
(25:59 / All) DirtMcGirt: im lvl 6 :)
(26:02 / All) SMERB.COM.COM: well
(26:05 / All) SMERB.COM.COM: doesnt matter
(26:08 / All) SMERB.COM.COM: What leve you are
(26:08 / Allies) Chopstix: free bats
(26:12 / All) SMERB.COM.COM: ypu
(26:15 / All) SMERB.COM.COM: if you love timg
(26:20 / All) SMERB.COM.COM: you are gone already/.
(26:24 / All) DirtMcGirt: im not timg tho
(26:28 / All) SMERB.COM.COM: if you love
(26:31 / All) SMERB.COM.COM: and respect him
(26:34 / All) SMERB.COM.COM: you leave
(26:36 / All) sylink: neg
(26:56 / All) 194: LOL
(26:57 / All) 194: FUCK
(27:00 / Allies) blueflagon: i thought smerb was good
(27:04 / All) 194: I FORGOT I HAD THOSE
(27:15 / Allies) sylink: well i have 2 mines on their side of the map
(27:35 / Allies) Chopstix: if this was halo wars resources wouldnt matter
(27:36 / Allies) Chopstix: god
(27:42 / Allies) sylink: what
(27:43 / Allies) Chopstix: RTS on an xbox 360 controller
(27:47 / Allies) Chopstix: horrible
(27:53 / All) sylink: level 1
(28:02 / Allies) blueflagon: dirt get
(28:05 / Allies) blueflagon: 6 orbs of fire
(28:06 / All) 194: im only 20%
(28:09 / Allies) blueflagon: for demolish tinker
(28:09 / All) 194: pro be nice2me
(28:22 / Allies) DirtMcGirt: nide item
(28:27 / Allies) DirtMcGirt: fc
(28:37 / All) Chopstix: guys good thing you cant counter towers or else we'd be screwed
(28:47 / All) SMERB.COM.COM: copstick
(28:47 / Allies) DirtMcGirt: need gold
(28:55 / Allies) blueflagon: hes stil got quite a few wyrms
(28:56 / All) 194: good thing you picked heroes that counter ground siege
(28:59 / All) SMERB.COM.COM: dirtmcwordup
(29:05 / All) DirtMcGirt: dirt mcwordup is timg
(29:07 / All) SMERB.COM.COM: dont be an idiot
(29:12 / All) SMERB.COM.COM: ive played with you idiots
(29:17 / All) SMERB.COM.COM: for more than long enough
(29:18 / Allies) blueflagon: are you high sylink lmoa
(29:21 / Allies) blueflagon: blzizards own gryphons
(29:25 / All) SMERB.COM.COM: to realize your line
(29:31 / All) SMERB.COM.COM: "good you cant counter siege"
(29:39 / All) SMERB.COM.COM: is because of the heros we pick
(29:44 / All) SMERB.COM.COM: to counter siege
(29:45 / All) sylink: DEATHN KNIGHTS
(29:48 / All) SMERB.COM.COM: urrr udddrrr
(29:53 / All) SMERB.COM.COM: shut up nigger
(29:58 / All) DirtMcGirt: tinker pwns
(30:04 / All) SMERB.COM.COM: tinker pwns
(30:06 / All) SMERB.COM.COM: timgs line
(30:09 / All) SMERB.COM.COM: shut the fuck up
(30:10 / All) sylink: ive only expanded on your side of the map
(30:19 / Allies) sylink: can i get some wood
(30:20 / All) SMERB.COM.COM: ive only expanded on your side of the map
(30:25 / All) SMERB.COM.COM: bear_ands line
(30:29 / All) SMERB.COM.COM: shut the fuck up
(30:40 / All) sylink: HELLO I WAS IN ON THE GROUND FLOOR OF THIS SHIT
(30:42 / All) DirtMcGirt: Lol bear who?
(30:44 / All) SMERB.COM.COM: oh
(30:46 / All) SMERB.COM.COM: look liks
(30:51 / All) Chopstix: bear and what
(30:53 / All) SMERB.COM.COM: another rtimg line
(31:08 / All) 194: my team caged my panda
(31:09 / Allies) sylink: how many hours did timg have to troll to get name recognition
(31:09 / Allies) DirtMcGirt: need gold nobo
(31:10 / All) 194: haters
(31:21 / Allies) sylink: gold for wood progrma
(31:36 / Allies) blueflagon: how does he know what ur saying
(31:38 / Allies) blueflagon: in allie chat
(31:54 / Allies) blueflagon: hmm red expoed
(32:00 / Allies) sylink: lets go
(32:07 / Allies) Chopstix: wheres my gold
(32:12 / Allies) sylink: i gave it to dirt
(32:14 / Allies) sylink: sec
(32:20 / Allies) Chopstix: this wood for gold program doesnt work
(32:32 / Allies) DirtMcGirt: damnn lost a dryad
(32:33 / All) 194: free the panda.
(32:34 / Allies) sylink: halp niggers
(32:35 / Allies) blueflagon: shade
(32:35 / Allies) sylink: way to
(32:36 / All) SMERB.COM.COM: nice
(32:37 / Allies) sylink: leave me
(32:40 / Allies) sylink: out
(32:40 / Allies) sylink: in
(32:42 / Allies) sylink: hay dryad
(32:43 / Allies) sylink: faggot
(32:44 / All) SMERB.COM.COM: nice!
(32:47 / Allies) sylink: wow
(32:47 / Allies) sylink: dirt
(32:48 / Allies) sylink: thanks
(32:50 / Allies) sylink: what the fuck
(32:53 / Allies) sylink: dude
(32:57 / Allies) Chopstix: going gyro
(32:58 / Allies) sylink: HELLO
(33:10 / Allies) blueflagon: wth are these
(33:13 / Allies) sylink: gryphon gone
(33:33 / Allies) blueflagon: there goes his hippo
(33:59 / Allies) sylink: going to expand everywher
(34:07 / Allies) DirtMcGirt: need gold
(34:08 / Allies) DirtMcGirt: to revive
(34:19 / Allies) DirtMcGirt: GOLD
(34:24 / Allies) blueflagon: gryphs
(34:25 / Allies) blueflagon: hello
(34:26 / Allies) Chopstix: got 2 mute
(35:00 / Allies) sylink: 3 out of 4 mines agree
(35:03 / Allies) sylink: the other team does i tbetter
(35:11 / Allies) blueflagon: OO
(35:12 / Allies) blueflagon: coming
(35:13 / Allies) blueflagon: comnig
(35:15 / Allies) blueflagon: omg
(35:17 / Allies) blueflagon: thats so tasty
(35:35 / Allies) DirtMcGirt: omw
(35:45 / Allies) sylink: need more bats
(35:49 / Allies) sylink: finish off chime
(36:02 / Allies) blueflagon: 8?
(36:03 / Allies) Chopstix: got plenty of tmute for everyone
(36:04 / Allies) blueflagon: enough
(36:08 / Allies) DirtMcGirt: im level 8
(36:23 / All) sylink: you have to tp sir
(36:57 / All) DirtMcGirt: OUCH
(36:57 / Allies) blueflagon: yreeeehaww
(37:02 / Allies) DirtMcGirt: tag team gj team
(37:09 / Allies) sylink: wood 4 gold
(37:21 / Allies) sylink: dot com
(37:29 / Allies) Chopstix: dot.coms can not fail
(37:39 / Allies) sylink: you gave me golod
(37:39 / Allies) Chopstix: i wonder if there is a www.dot.com
(37:40 / Allies) blueflagon: icon
(37:41 / Allies) sylink: flagon
(37:48 / Allies) blueflagon: did u say wood?
(37:51 / Allies) sylink: i did
(37:56 / Allies) sylink: cash 4 wood dot com
(37:56 / Allies) blueflagon: let dirt give wood
(37:57 / Allies) DirtMcGirt: tinker rocks
(38:04 / Allies) blueflagon: dirsts got 2 k
(38:06 / Allies) DirtMcGirt: u wer tkin shit on him
(38:07 / Allies) sylink: nice zeppelin
(38:09 / Allies) Chopstix: no abolish?
(38:11 / Allies) Chopstix: nice nooob
(38:29 / All) sylink: pretty cool game
(38:30 / Allies) Chopstix: get abolish
(38:46 / Allies) blueflagon: bats are cong
(39:44 / All) DirtMcGirt: good rty tho
(39:44 / Allies) blueflagon: wyrms down
(39:51 / Allies) DirtMcGirt: this is a gg
(40:09 / Allies) DirtMcGirt: yo i got bepop and rocksteady on my taem
(40:18 / Allies) blueflagon: like that
(40:19 / Allies) blueflagon: ?
(40:23 / Allies) DirtMcGirt: ill back u up chop
(40:26 / All) sylink: more likie deadknight
(40:35 / Allies) blueflagon: that was sick
(40:37 / Allies) blueflagon: wasnt it
(40:39 / All) SMERB.COM.COM: lol cute.. timg tell you to say that
(40:44 / All) SMERB.COM.COM: on vent
(40:46 / All) SMERB.COM.COM: LOL!
(40:52 / Allies) blueflagon: where is timg
(40:53 / Allies) blueflagon: ?
(40:53 / All) SMERB.COM.COM: shut the fuck up
(40:57 / All) SMERB.COM.COM: apathy doesnt work anymore
(41:02 / All) SMERB.COM.COM: dumb nigger child./
(41:06 / Allies) sylink: he isn ton
(41:15 / Allies) blueflagon: i mean is he dead
(41:15 / Allies) blueflagon: alive
(41:18 / All) sylink: my parents are white descended from germans idk
(41:21 / Allies) blueflagon: in afghanistan
(41:22 / All) SMERB.COM.COM: same
(41:23 / All) SMERB.COM.COM: so relax.
(41:35 / All) sylink: just a game bro
(41:41 / All) SMERB.COM.COM: exactly.
(41:47 / All) SMERB.COM.COM: you had fun.. u mad now?
(41:47 / All) 194: u mad.
(41:49 / All) SMERB.COM.COM: scale 1-10
(41:50 / All) SMERB.COM.COM: tell me
(41:51 / All) sylink: a game where i have all the gold
(41:53 / All) SMERB.COM.COM: how mad
(41:55 / All) SMERB.COM.COM: purple
(41:58 / All) 194: i have 8k gold
(41:59 / All) SMERB.COM.COM: 1-10
(42:00 / All) 194: LOL
(42:03 / All) SMERB.COM.COM: tell me
(42:12 / All) SMERB.COM.COM: how mad... are you?
(42:12 / Allies) sylink: upgrading all my halls
(42:17 / All) sylink: why would i be mad
(42:18 / Allies) blueflagon: does he think hes getting to you
(42:19 / Allies) blueflagon: or something
(42:21 / Allies) DirtMcGirt: tinker pwns
(42:28 / Allies) DirtMcGirt: im gonna post this replay on higperhch
(42:35 / Allies) DirtMcGirt: i owned this game
(42:37 / Allies) DirtMcGirt: 0wned
(42:38 / All) SMERB.COM.COM: purple. one thing timg and bearand cant teach you
(42:41 / All) SMERB.COM.COM: is how to not get mad
(42:43 / All) SMERB.COM.COM: LOL
(42:47 / All) DirtMcGirt: i 0wned this game
(42:50 / All) sylink: bear and what
(42:52 / All) SMERB.COM.COM: sorry dirt
(42:54 / All) SMERB.COM.COM: i foget
(42:54 / All) DirtMcGirt: im really pround of this one
(42:56 / All) SMERB.COM.COM: about you
(42:57 / All) SMERB.COM.COM: alreadyt
(43:03 / All) DirtMcGirt: Who are u?
(43:06 / All) SMERB.COM.COM: bear_And says hi
(43:09 / All) SMERB.COM.COM: right now though
(43:11 / All) SMERB.COM.COM: on vent
(43:13 / All) SMERB.COM.COM: ~!
(43:15 / All) DirtMcGirt: lol hes not my bideogame friedn anymore
(43:17 / All) sylink: bear and what
(43:20 / All) SMERB.COM.COM: shut up
(43:21 / All) SMERB.COM.COM: nigger
(43:26 / All) SMERB.COM.COM: regardless he says hi
(43:32 / Allies) sylink: i should og into war 3 vent
(43:38 / All) DirtMcGirt: o
(43:39 / All) DirtMcGirt: hi back
(43:43 / Allies) Chopstix: they are just looking at our clan page
(43:46 / All) SMERB.COM.COM: hes pleased.
(43:55 / All) sylink: what is vent info
(43:56 / All) 194: 9k gold purple LOL STEAL IT?
(44:15 / Allies) blueflagon: dibs on panda
(44:25 / Allies) blueflagon: thats like
(44:28 / Allies) blueflagon: my 11 th hero kill
(44:37 / All) 194: COME ON PURPLE
(44:40 / All) 194: EVEN IF YOU WIN
(44:44 / All) 194: YOU DONT GET MY GOLD
(44:46 / All) 194: LOLOL
(44:51 / All) SMERB.COM.COM: LOL~!
(44:53 / All) DirtMcGirt: yo i like how tinkers baackpack turns into a tank
(45:01 / All) 194: GG MAPHACK
(45:02 / All) SMERB.COM.COM: no, you're not high enough
(45:03 / All) DirtMcGirt: thats nuts
(45:06 / All) SMERB.COM.COM: to take tmgs line
(45:08 / All) DirtMcGirt: im p high rite now
(45:09 / All) sylink: bye
(45:13 / All) DirtMcGirt: take timgs line?
(45:16 / All) SMERB.COM.COM: ony orange is
(45:18 / All) sylink: is he fishing
(45:20 / All) SMERB.COM.COM: purple isnt
(45:22 / All) SMERB.COM.COM: but he acts
(45:23 / All) SMERB.COM.COM: like he is
(45:27 / Allies) blueflagon: stop stop
(45:27 / All) SMERB.COM.COM: :D